 Dungeon Crawl Stone Soup version 0.28.0 (webtiles) character file.

Game seed: 2904926514197274343

361 sasquatch the Cutter (level 6, 0/35 HPs)
             Began as a Kobold Brigand on Feb 7, 2022.
             Slain by a black bear (4 damage)
             ... on level 4 of the Dungeon.
             The game lasted 00:05:05 (3833 turns).

sasquatch the Cutter (Kobold Brigand)               Turns: 3833, Time: 00:05:06

Health: 0/35       AC:  4    Str: 10    XL:     6   Next: 99%
Magic:  0/6        EV: 17    Int: 14    God:
Gold:   133        SH:  0    Dex: 21    Spells: 5/5 levels left

rFire   . . .      SeeInvis .   a - +2 dagger
rCold   . . .      Faith    .   (no shield)
rNeg    . . .      Spirit   +   b - +0 robe
rPois   .          Reflect  .   (no helmet)
rElec   .          Harm     .   o - +0 cloak {Will+}
rCorr   .          Rampage  .   k - +0 pair of gloves of Levity {Int+2 Dex+4 Stlth+}
Will    +....                   (no boots)
Stlth   +++++.....              n - amulet of guardian spirit
HPRegen 0.11/turn               (no ring)
MPRegen 0.10/turn               (no ring)

@: no status effects
A: small, no large weapons, nightstalker 3
a: no special abilities


You were on level 4 of the Dungeon.
You visited 1 branch of the dungeon, and saw 4 of its levels.

You collected 133 gold pieces.

Inventory:

Hand Weapons
 a - a +2 dagger (weapon)
Missiles
 d - 3 poisoned darts (quivered)
 i - 6 atropa-tipped darts
Armour
 b - a +0 robe (worn)
 c - a +0 cloak
 k - the +0 pair of gloves of Levity (worn) {Int+2 Dex+4 Stlth+}
   (You found it on level 4 of the Dungeon)

   Int:       It affects your intelligence (+2).
   Dex:       It affects your dexterity (+4).
   Stlth:     It makes you more stealthy.
 o - a +0 cloak of willpower (worn)
Jewellery
 n - an amulet of guardian spirit (around neck)
Scrolls
 g - 2 scrolls of teleportation {unknown}
 h - 3 scrolls of magic mapping {unknown}
 j - 2 scrolls of identify {unknown}
 s - a scroll of noise {unknown}
Potions
 f - a potion of haste {unknown}
 l - a potion of degeneration {unknown}
 m - a potion of curing {unknown}
 p - a potion of ambrosia {unknown}
 q - 3 potions of attraction {unknown}
 r - a potion of heal wounds {unknown}


   Skills:
 - Level 2.1 Fighting
 * Level 7.5 Short Blades
 - Level 2.1 Throwing
 + Level 4.5 Dodging
 - Level 5.3 Stealth


You had 5 spell levels left.
You didn't know any spells.
Your spell library contained the following spells:

 Spells                   Type           Power      Damage    Failure   Level
 Fireball                 Conj/Fire      0%         3d3       100%        5
 Starburst                Conj/Fire      0%         6d3       100%        6
 Ignition                 Fire           0%         3d3       100%        8


Dungeon Overview and Level Annotations

Branches:
Dungeon (4/15)
 Temple: D:4-7

Altars:
Fedhas
Kikubaaqudgha
Zin

Annotations:
D:4 exclusion: phantom


Innate Abilities, Weirdness & Mutations

You are small and have problems with some larger weapons.
You are completely attuned to the shadows.


Message History

Throw: 5 darts (poison)
Press: ? - help, Q - select action, (/) - cycle Shift-Dir - straight line, f/p - black bear
Aim: a black bear (moderately wounded, very poisoned, 71% to hit)
You throw a poisoned dart. The poisoned dart hits the black bear.
The black bear looks even sicker.
The black bear is moderately wounded.
The black bear misses you. The black bear barely misses you.
The black bear claws you but does no damage.
Throw: 4 darts (poison)
Press: ? - help, Q - select action, (/) - cycle Shift-Dir - straight line, f/p - black bear
Aim: a black bear (heavily wounded, very poisoned, 71% to hit)
You throw a poisoned dart. The poisoned dart hits the black bear.
The black bear looks as sick as possible!
The black bear is heavily wounded.
The black bear bites you! The black bear completely misses you.
The black bear closely misses you. The black bear barely misses you.
The black bear misses you. The black bear claws you.
The black bear goes berserk!
The black bear rages.
You hit the black bear.
The black bear is severely wounded.
The black bear closely misses you. The black bear completely misses you.
The black bear claws you.
You barely miss the black bear.
The black bear is severely wounded.
The black bear barely misses you. The black bear misses you.
The black bear claws you.
You hit the black bear but do no damage.
The black bear is severely wounded.
The black bear bites you! The black bear claws you. x2
* * * LOW HITPOINT WARNING * * *
The black bear closely misses you. The black bear claws you.
* * * LOW HITPOINT WARNING * * *
The black bear claws you but does no damage.
You completely miss the black bear.
The black bear is almost dead.
The black bear misses you. The black bear closely misses you.
The black bear claws you.
You die...

###.##..†.......#.......##....#
#.##.................(##.h.)#
#.##.##.....).).......##....#
#....##.##.####.............###
###.###...##.# #........#......#
.h............# #...##...........
#####...###.#..##...####....#####
#[### ......h..# #.#...# ###.#
....@..>####.....# ###...#
...........###...# ....###
........##......... ...##
........##.##§...## ....#
####........§.§.... ....#
#......≈≈§§§§≈≈≈ ....#
#).....≈.§..... ....#
#......≈.≈≈≈≈≈. ....#
#......≈§≈...≈


You could see a black bear (berserk, very poisoned).

Vanquished Creatures
  An ogre (D:3)
  A jelly (D:4)
  2 hounds
  An iguana (D:3)
  A hound skeleton (D:4)
  4 adders
  3 gnolls (D:3)
  4 dart slugs
  2 orcs (D:4)
  A ball python (D:1)
  10 endoplasms
  5 giant cockroaches
  5 goblins
  7 hobgoblins
  6 jackals
  4 kobolds
  2 quokkas (D:1)
  4 bats
  4 frilled lizards
  3 rats
70 creatures vanquished.

Vanquished Creatures (others)
  2 withered plants (D:4)
2 creatures vanquished.

Grand Total: 72 creatures vanquished

Notes
Turn   | Place    | Note
-------+----------+-------------------------------------------
     0 | D:1      | sasquatch the Kobold Brigand began the quest for the Orb.
     0 | D:1      | Reached XP level 1. HP: 12/12 MP: 1/1
   132 | D:1      | Reached skill level 3 in Short Blades
   445 | D:1      | Reached XP level 2. HP: 17/17 MP: 2/2
   819 | D:1      | Reached XP level 3. HP: 21/21 MP: 3/3
   834 | D:1      | Reached skill level 4 in Short Blades
  1084 | D:1      | Found a faded altar of an unknown god.
  1389 | D:2      | You fall into a shaft and drop 2 floors!
  1393 | D:4      | Noticed a phantom
  1434 | D:4      | Identified the +0 pair of gloves of Levity {Int+2 Dex+4
                  | Stlth+}
  1488 | D:3      | Reached XP level 4. HP: 26/26 MP: 4/4
  1527 | D:3      | Reached skill level 5 in Short Blades
  2277 | D:3      | Reached XP level 5. HP: 30/30 MP: 5/5
  2591 | D:3      | Found a glowing silver altar of Zin.
  2756 | D:4      | Noticed a black bear
  3051 | D:4      | Reached skill level 6 in Short Blades
  3053 | D:4      | Noticed an ogre
  3091 | D:3      | Killed an ogre
  3092 | D:3      | Reached XP level 6. HP: 29/35 MP: 6/6
  3208 | D:4      | Found an ancient bone altar of Kikubaaqudgha.
  3249 | D:4      | Reached skill level 7 in Short Blades
  3666 | D:4      | Found a blossoming altar of Fedhas.
  3833 | D:4      | Slain by a black bear

Illustrated notes

Levels and vault maps discovered:
D:1:      dpeg_arrival_arbitrary_a, layout_loops_cross,
          dilly_ecumenical_altar_fadedgnrine
D:2:      minmay_door_path, layout_rooms, amethyst_killhole
D:3:      layout_loops_ring, zin_academy, minmay_misc_feat_hallway
D:4:      layout_rooms, kiku_gazebo_garden_becter, fedhas_altar_2,
          mainiacjoe_overflow_concentric_impassable

Skill      XL: |  1  2  3  4  5  6 |
---------------+-------------------+-----
Short Blades   | 3 4 5 6 7 |  7.5
Dodging        | 2 3 4 |  4.5
Fighting       | |  2.1
Throwing       | |  2.1
Stealth        | |  5.3

Action                   |  1- 3 |  4- 6 || total
-------------------------+-------+-------++-------
Melee: Dagger            |    78 |   142 ||   220
       Punch             |       |     1 ||     1
Throw: Dart              |       |    15 ||    15
 Stab: Sleeping          |    17 |    15 ||    32
       Distracted        |     1 |     1 ||     2
Armor: Robe              |    11 |    23 ||    34
Dodge: Dodged            |    39 |   119 ||   158
